 Dungeon Crawl Stone Soup version 0.20.1-1-g8b1a95d (webtiles) character file.

28 Dawnplanks the Skirmisher (level 3, -4/29 HPs)
             Began as a Demonspawn Abyssal Knight on Nov 25, 2017.
             Was a Follower of Lugonu.
             Slain by Terence
             ... wielding a +4 trident of flaming
              (6 damage)
             ... on level 2 of the Dungeon.
             The game lasted 00:05:24 (823 turns).

Dawnplanks the Skirmisher (DsAK)                     Turns: 823, Time: 00:05:27

Health: -4/29      AC:  3    Str: 13    XL:     3   Next: 0%
Magic:  5/5        EV: 13    Int: 13    God:    Lugonu [*.....]
Gold:   78         SH:  0    Dex: 12    Spells: 2/2 levels left

rFire    . . .     SeeInvis .   a - +1 hand axe
rCold    . . .     Gourm    .   (no shield)
rNeg     . . .     Faith    .   b - +0 leather armour
rPois    .         Spirit   .   (no helmet)
rElec    .         Reflect  .   (no cloak)
rCorr    .         Harm     .   (no gloves)
MR       .....                  (no boots)
Stlth    +.........             (no amulet)
Regen    0.1/turn               (no ring)
MPRegen  0.1/turn               (no ring)

@: no status effects
A: repulsion field 1, powered by pain 1
a: Depart the Abyss, Renounce Religion


You were on level 2 of the Dungeon.
You worshipped Lugonu.
Lugonu was aware of your devotion.
You were not hungry.

You visited 1 branch of the dungeon, and saw 2 of its levels.
You visited the Abyss 1 time.

You collected 78 gold pieces.

Inventory:

Hand Weapons
 a - a +1 hand axe (weapon)
 j - a cursed +0 dagger
 m - a +0 morningstar
Armour
 b - a +0 leather armour (worn)
Scrolls
 d - a scroll of remove curse {unknown}
 e - a scroll of recharging {unknown}
 g - a scroll of enchant armour {unknown}
 h - a scroll of amnesia {unknown}
 k - a scroll of teleportation {unknown}
 l - a scroll of magic mapping {unknown}
Potions
 f - a potion of berserk rage {unknown}
 i - a potion of invisibility {unknown}
Comestibles
 c - 3 bread rations
 n - a meat ration


   Skills:
 + Level 3.6 Fighting
 + Level 2.1 Axes
 + Level 1.9 Armour
 + Level 0.8 Dodging
 + Level 3.0 Invocations


You had 2 spell levels left.
You didn't know any spells.

Dungeon Overview and Level Annotations

Branches:
Dungeon (2/15)

Altars:

Annotations:
D:2 Terence


Innate Abilities, Weirdness & Mutations

You are surrounded by a mild repulsion field. (EV +2)
You sometimes gain a little power by taking damage.


Message History

Terence shouts!
Terence misses you.
Terence hits you from afar with a trident of flaming!
Terence burns you. Terence barely misses you.
You hit Terence but do no damage. Terence barely misses you.
You hit Terence but do no damage.
Terence hits you with a trident of flaming.
Terence burns you.
You hit Terence.
Terence is moderately wounded.
Terence closely misses you.
You hit Terence but do no damage.
Terence is moderately wounded.
Terence hits you with a trident of flaming.
* * * LOW HITPOINT WARNING * * *
Terence burns you.
* * * LOW HITPOINT WARNING * * *
Terence hits you with a trident of flaming.
You die...

#.# ##.## ..#
###.###### ##
#..........
#..######## #..# ###
#>.# #.. #..# #.#
#..# #@#
######..####@####.#
...(.....†(........#
.#######.##.#.######
#.##.#.# #.##.#.#
#.##.#.# .......#
.....### ######


You could see Terence.

Vanquished Creatures
  A dart slug (D:2)
  3 bats (D:1)
  4 giant cockroaches
  5 hobgoblins (D:1)
  A ball python (D:2)
  A frilled lizard (D:1)
  5 kobolds
  5 rats
25 creatures vanquished.

Notes
Turn   | Place    | Note
-------+----------+-------------------------------------------
     0 | Abyss:1  | Dawnplanks the Demonspawn Abyssal Knight began the quest for the Orb.
     0 | Abyss:1  | Reached XP level 1. HP: 18/18 MP: 2/2
    40 | D:1      | Escaped the Abyss
   118 | D:1      | Reached * piety under Lugonu
   278 | D:1      | Gained mutation: You sometimes gain a little power by taking damage. [demonic ancestry]
   278 | D:1      | Reached XP level 2. HP: 18/24 MP: 3/3
   812 | D:2      | Gained mutation: You are surrounded by a mild repulsion field. (EV +2) [demonic ancestry]
   812 | D:2      | Reached XP level 3. HP: 26/29 MP: 5/5
   815 | D:2      | Noticed Terence
   823 | D:2      | Slain by Terence

Skill      XL: |  1  2 |
---------------+-------+-----
Axes           | 2 |  2.1
Invocations    | 3 |  3.0
Fighting       | |  3.6
Armour         | |  1.9
Dodging        | |  0.8

Action                   || total
-------------------------++-------
Melee: Hand axe          ||    69
Invok: Depart the Abyss  ||     1
Armor: Leather armour    ||    20
Dodge: Dodged            ||    44
